[ AOE2 MATCH · #467474641 ]
UnrankedTeutons vs Byzantines
[ REPLAY ANALYSIS · EXTRACTED FROM THE RECORDED GAME ]
Feudal
15:00
Castle
23:25
Imperial
41:48
| APM avg | 13.1 |
| APM peak | 75 |
| eAPM avg | 10.7 |
| Villagers / military | 201 / 609 |
Focus
⚔️ 39.0% · 🌾 61.0%
Knight ×270 · Militia ×150 · Trade Cart ×138 · Teutonic Knight ×135 · Mangonel ×43 · Bombard Cannon ×10
Feudal
14:35
Castle
31:47
Imperial
42:43
| APM avg | 8.1 |
| APM peak | 40 |
| eAPM avg | 7.7 |
| Villagers / military | 94 / 1486 |
Focus
⚔️ 61.2% · 🌾 38.8%
Spearman ×904 · Cataphract ×182 · Scout Cavalry ×111 · Knight ×101 · Camel Scout ×72 · Archer ×52
Feudal
10:33
Castle
14:53
Imperial
35:48
| APM avg | 15.7 |
| APM peak | 111 |
| eAPM avg | 13.0 |
| Villagers / military | 187 / 1769 |
Focus
⚔️ 48.4% · 🌾 51.6%
Fire Lancer ×795 · Spearman ×644 · Militia ×255 · Scorpion ×55 · Trade Cart ×51 · Trebuchet (Packed) ×15
Feudal
9:24
Castle
13:31
Imperial
31:49
| APM avg | 24.4 |
| APM peak | 172 |
| eAPM avg | 18.5 |
| Villagers / military | 218 / 1169 |
Focus
⚔️ 34.2% · 🌾 65.8%
Knight ×370 · Archer ×295 · Scout Cavalry ×225 · Militia ×189 · Bombard Cannon ×71 · Trade Cart ×59
Feudal
8:39
Castle
16:14
Imperial
39:47
| APM avg | 16.9 |
| APM peak | 50 |
| eAPM avg | 11.5 |
| Villagers / military | 219 / 644 |
Focus
⚔️ 34.1% · 🌾 65.9%
War Elephant ×547 · Archer ×97 · Trade Cart ×52
Feudal
9:56
Castle
15:12
Imperial
35:08
| APM avg | 25.6 |
| APM peak | 127 |
| eAPM avg | 23.7 |
| Villagers / military | 103 / 1718 |
Focus
⚔️ 73.6% · 🌾 26.4%
Samurai ×975 · Spearman ×478 · Militia ×208 · Trade Cart ×86 · Hand Cannoneer ×27 · Trebuchet (Packed) ×15
Match map
Initial resources + every placement click. Lines = walls · curves = elevation contours. ◆ gold · ⬟ stone · ● berries · ✦ relic · ◌ wall gap
Your base
Beerhunter's base· Open — unwalled flank
Mr.420's base· Open — unwalled flank
JonnyK's base
arthur_graf's base
SuKi's base· Open — unwalled flank
Smoothed initial terrain · ◌ = detected wall gap · hover for details
Inputs per minute
— bon_wtf030793 - - Beerhunter
Build order — bon_wtf030793
First 150 of 586 actions detected
| 0:14 | Create | Villager (Male) ×4 |
| 0:15 | Create | Villager (Male) ×4 |
| 0:58 | Build | House |
| 1:01 | Build | House |
| 1:02 | Build | House |
| 1:21 | Create | Villager (Male) |
| 1:47 | Create | Villager (Male) |
| 1:55 | Create | Villager (Male) |
| 2:48 | Create | Villager (Male) |
| 3:05 | Build | House |
| 3:07 | Build | House |
| 3:09 | Build | House |
| 3:10 | Build | House |
| 3:12 | Build | House |
| 3:30 | Build | Lumber Camp |
| 3:37 | Create | Villager (Male) |
| 3:38 | Create | Villager (Male) |
| 3:38 | Create | Villager (Male) |
| 3:38 | Create | Villager (Male) |
| 3:38 | Create | Villager (Male) |
| 4:09 | Create | Villager (Male) |
| 4:23 | Build | Lumber Camp |
| 4:37 | Create | Villager (Male) |
| 5:14 | Create | Villager (Male) |
| 5:15 | Create | Villager (Male) |
| 5:35 | Build | House |
| 5:36 | Build | House |
| 5:37 | Build | House |
| 5:45 | Create | Villager (Male) |
| 6:20 | Build | Lumber Camp |
| 7:18 | Create | Villager (Male) |
| 7:19 | Create | Villager (Male) |
| 7:19 | Create | Villager (Male) |
| 7:19 | Create | Villager (Male) |
| 7:33 | Build | House |
| 7:35 | Build | House |
| 7:37 | Build | House |
| 7:38 | Build | House |
| 7:41 | Build | House |
| 7:43 | Build | House |
| 7:59 | Create | Villager (Male) |
| 7:59 | Create | Villager (Male) |
| 8:47 | Build | Mill |
| 9:36 | Create | Villager (Male) |
| 10:18 | Build | Mill |
| 10:20 | Create | Villager (Male) |
| 10:21 | Create | Villager (Male) |
| 10:21 | Create | Villager (Male) |
| 10:21 | Create | Villager (Male) |
| 10:21 | Create | Villager (Male) |
| 10:22 | Create | Villager (Male) |
| 10:47 | Build | Mining Camp |
| 10:51 | Build | Mining Camp |
| 11:12 | Build | House |
| 11:14 | Build | House |
| 11:16 | Build | House |
| 11:18 | Build | House |
| 11:21 | Build | House |
| 11:23 | Build | House |
| 12:08 | Create | Villager (Male) |
| 12:20 | Research | Feudal Age |
| 13:02 | Build | Farm |
| 13:04 | Build | Farm |
| 13:05 | Build | Farm |
| 13:08 | Build | Farm |
| 13:10 | Build | Farm |
| 13:11 | Build | Farm |
| 13:12 | Build | Farm |
| 13:13 | Build | Farm |
| 13:15 | Build | Farm |
| 14:20 | Build | House |
| 14:22 | Build | House |
| 14:25 | Build | House |
| 14:26 | Build | House |
| 15:00 | Age | Feudal Age |
| 15:03 | Research | Wheelbarrow |
| 15:05 | Research | Double-Bit Axe |
| 15:20 | Build | Market |
| 15:25 | Build | Market |
| 15:27 | Build | Market |
| 15:31 | Build | Market |
| 15:33 | Build | Market |
| 16:12 | Build | Blacksmith |
| 16:20 | Create | Villager (Male) ×5 |
| 16:32 | Build | House |
| 16:49 | Research | Horse Collar |
| 16:53 | Build | Farm |
| 16:58 | Research | Gold Mining |
| 16:58 | Research | Stone Mining |
| 17:02 | Research | Stone Mining |
| 17:19 | Build | Farm |
| 17:41 | Build | Farm |
| 17:47 | Build | Farm |
| 17:48 | Build | Farm |
| 17:49 | Build | Farm |
| 17:50 | Build | Farm |
| 17:52 | Build | Farm |
| 17:53 | Build | Farm |
| 18:10 | Build | Farm |
| 18:18 | Build | House |
| 18:20 | Build | House |
| 18:21 | Build | House |
| 18:23 | Build | House |
| 18:25 | Build | House |
| 18:26 | Build | House |
| 18:28 | Build | House |
| 18:34 | Build | Farm |
| 18:40 | Create | Villager (Male) ×5 |
| 19:15 | Build | Farm |
| 19:36 | Build | Farm |
| 19:44 | Research | Castle Age |
| 19:59 | Build | Farm |
| 20:40 | Build | Market |
| 20:44 | Build | Farm |
| 20:50 | Build | Farm |
| 21:14 | Create | Trade Cart ×5 |
| 22:06 | Build | House |
| 22:07 | Build | House |
| 22:09 | Build | House |
| 22:10 | Build | House |
| 22:12 | Build | House |
| 22:13 | Build | House |
| 22:14 | Build | House |
| 22:16 | Build | House |
| 22:17 | Build | House |
| 22:19 | Build | House |
| 22:20 | Build | House |
| 22:39 | Build | House |
| 22:41 | Build | House |
| 23:11 | Create | Trade Cart ×5 |
| 23:11 | Create | Trade Cart ×5 |
| 23:25 | Age | Castle Age |
| 23:35 | Build | Town Center |
| 23:43 | Build | Town Center |
| 23:47 | Research | Stone Shaft Mining |
| 24:14 | Create | Villager (Male) ×5 |
| 24:34 | Research | Heavy Plow |
| 24:38 | Research | Bow Saw |
| 25:32 | Build | Town Center |
| 26:02 | Research | Hand Cart |
| 26:11 | Create | Villager (Male) ×5 |
| 26:20 | Create | Villager (Male) ×5 |
| 26:43 | Build | Town Center |
| 26:55 | Create | Villager (Male) ×5 |
| 27:16 | Build | Town Center |
| 27:46 | Build | Farm |
| 28:03 | Build | House |
| 28:05 | Build | House |
| 28:06 | Build | House |
| 28:08 | Build | House |
Build order — Beerhunter
First 150 of 639 actions detected
| 0:43 | Build | Lumber Camp |
| 0:50 | Create | Villager (Male) |
| 0:51 | Create | Villager (Male) |
| 0:51 | Create | Villager (Male) |
| 0:51 | Create | Villager (Male) |
| 1:24 | Create | Villager (Male) |
| 2:48 | Build | Mill |
| 3:55 | Build | Farm |
| 4:01 | Create | Villager (Male) |
| 4:02 | Create | Villager (Male) |
| 4:02 | Create | Villager (Male) |
| 4:02 | Create | Villager (Male) |
| 4:12 | Build | House |
| 4:13 | Build | House |
| 4:14 | Build | House |
| 4:16 | Build | House |
| 4:25 | Build | Farm |
| 4:30 | Build | Farm |
| 4:48 | Build | Farm |
| 5:05 | Create | Villager (Male) |
| 5:05 | Create | Villager (Male) |
| 5:28 | Build | Farm |
| 5:38 | Build | Farm |
| 6:22 | Build | Mining Camp |
| 6:31 | Build | Farm |
| 6:42 | Create | Villager (Male) |
| 6:42 | Create | Villager (Male) |
| 6:42 | Create | Villager (Male) |
| 7:26 | Build | Farm |
| 7:38 | Create | Villager (Male) |
| 7:38 | Create | Villager (Male) |
| 7:38 | Create | Villager (Male) |
| 8:06 | Create | Villager (Male) |
| 8:20 | Build | Farm |
| 8:32 | Build | Farm |
| 8:58 | Build | Farm |
| 9:23 | Build | Farm |
| 9:49 | Build | Farm |
| 9:55 | Create | Villager (Male) |
| 9:56 | Create | Villager (Male) |
| 9:56 | Create | Villager (Male) |
| 9:56 | Create | Villager (Male) |
| 9:57 | Create | Villager (Male) |
| 9:57 | Create | Villager (Male) |
| 10:26 | Build | Farm |
| 10:51 | Build | Farm |
| 11:17 | Build | Farm |
| 11:43 | Build | Farm |
| 11:58 | Research | Feudal Age |
| 12:07 | Build | Farm |
| 12:42 | Build | Farm |
| 12:56 | Research | Loom |
| 12:59 | Create | Villager (Male) ×5 |
| 14:35 | Age | Feudal Age |
| 14:40 | Research | Horse Collar |
| 14:43 | Research | Double-Bit Axe |
| 14:46 | Research | Gold Mining |
| 14:47 | Research | Stone Mining |
| 15:14 | Research | Wheelbarrow |
| 15:39 | Build | Market |
| 15:40 | Build | Market |
| 16:13 | Build | House |
| 16:14 | Build | House |
| 16:16 | Build | House |
| 16:17 | Build | House |
| 16:19 | Build | House |
| 16:21 | Build | House |
| 16:22 | Build | House |
| 16:24 | Build | House |
| 16:43 | Create | Villager (Male) ×5 |
| 16:46 | Create | Villager (Male) ×5 |
| 16:47 | Create | Villager (Male) |
| 18:01 | Build | Stone Wall |
| 18:19 | Build | Mining Camp |
| 19:34 | Create | Trade Cart ×2 |
| 20:06 | Build | Lumber Camp |
| 20:46 | Create | Villager (Male) |
| 20:47 | Create | Villager (Male) |
| 20:47 | Create | Villager (Male) |
| 20:47 | Create | Villager (Male) |
| 20:47 | Create | Villager (Male) |
| 20:48 | Create | Villager (Male) |
| 20:48 | Create | Villager (Male) |
| 21:02 | Build | Farm |
| 21:15 | Create | Trade Cart |
| 21:27 | Build | Farm |
| 21:35 | Create | Trade Cart |
| 22:25 | Create | Trade Cart |
| 25:37 | Build | Mill |
| 26:27 | Build | Blacksmith |
| 26:53 | Build | Mining Camp |
| 26:59 | Create | Villager (Male) |
| 27:00 | Create | Villager (Male) |
| 27:00 | Create | Villager (Male) |
| 27:00 | Create | Villager (Male) |
| 27:01 | Create | Villager (Male) |
| 27:01 | Create | Villager (Male) |
| 27:01 | Create | Villager (Male) |
| 27:02 | Create | Villager (Male) |
| 27:02 | Create | Villager (Male) |
| 27:02 | Create | Villager (Male) |
| 27:03 | Create | Villager (Male) |
| 27:03 | Create | Villager (Male) |
| 27:03 | Create | Villager (Male) |
| 27:04 | Create | Villager (Male) |
| 27:04 | Create | Villager (Male) |
| 27:04 | Create | Villager (Male) |
| 27:29 | Research | Castle Age |
| 28:03 | Build | Mining Camp |
| 29:06 | Build | Stone Wall |
| 29:13 | Build | Stone Wall |
| 29:23 | Build | Stone Wall |
| 29:31 | Build | Stone Wall |
| 29:42 | Build | Stone Wall |
| 29:49 | Build | Stone Wall |
| 30:44 | Research | Padded Archer Armor |
| 30:44 | Research | Fletching |
| 30:45 | Research | Scale Barding Armor |
| 30:46 | Research | Scale Mail Armor |
| 30:46 | Research | Forging |
| 31:01 | Create | Villager (Male) ×5 |
| 31:01 | Create | Villager (Male) ×5 |
| 31:02 | Create | Villager (Male) ×4 |
| 31:47 | Age | Castle Age |
| 31:50 | Research | Leather Archer Armor |
| 32:00 | Research | Bodkin Arrow |
| 32:03 | Research | Hand Cart |
| 32:33 | Build | Monastery |
| 33:36 | Build | Mining Camp |
| 33:43 | Create | Monk |
| 33:52 | Research | Chain Barding Armor |
| 33:52 | Research | Chain Mail Armor |
| 34:04 | Build | Mining Camp |
| 34:18 | Build | Lumber Camp |
| 35:20 | Research | Bow Saw |
| 35:23 | Research | Heavy Plow |
| 35:27 | Research | Gold Shaft Mining |
| 35:30 | Research | Stone Shaft Mining |
| 35:35 | Research | Caravan |
| 35:37 | Research | Coinage |
| 35:42 | Create | Trade Cart ×5 |
| 35:51 | Build | House |
| 36:10 | Build | House |
| 36:11 | Build | House |
| 36:12 | Build | House |
| 36:13 | Build | House |
| 36:14 | Build | House |
| 36:15 | Build | House |
| 36:16 | Build | House |
| 36:33 | Research | Iron Casting |
Build order — Mr.420
First 150 of 924 actions detected
| 0:24 | Build | Lumber Camp |
| 1:10 | Create | Villager (Male) |
| 1:55 | Create | Villager (Male) |
| 1:56 | Create | Villager (Male) |
| 2:31 | Create | Villager (Male) |
| 2:31 | Create | Villager (Male) |
| 3:07 | Create | Villager (Male) |
| 3:24 | Build | Mill |
| 3:27 | Create | Villager (Male) |
| 4:03 | Create | Villager (Male) |
| 4:41 | Create | Villager (Male) |
| 4:54 | Create | Villager (Male) |
| 4:56 | Create | Villager (Male) |
| 5:07 | Create | Villager (Male) |
| 5:22 | Build | Mill |
| 6:19 | Create | Villager (Male) |
| 6:21 | Create | Villager (Male) |
| 6:54 | Build | House |
| 6:56 | Build | House |
| 7:06 | Build | House |
| 7:07 | Build | House |
| 7:09 | Build | House |
| 7:15 | Build | Farm |
| 7:17 | Build | Farm |
| 7:22 | Create | Villager (Male) |
| 8:13 | Research | Feudal Age |
| 8:51 | Build | House |
| 8:52 | Build | House |
| 8:54 | Build | House |
| 8:55 | Build | House |
| 8:57 | Build | House |
| 8:58 | Build | House |
| 8:59 | Build | House |
| 9:01 | Build | House |
| 9:02 | Build | House |
| 9:28 | Create | Villager (Male) |
| 9:29 | Create | Villager (Male) |
| 9:30 | Create | Villager (Male) |
| 10:33 | Age | Feudal Age |
| 10:43 | Build | Market |
| 11:03 | Build | Blacksmith |
| 11:18 | Create | Villager (Male) |
| 11:27 | Build | Mining Camp |
| 11:54 | Build | Lumber Camp |
| 12:06 | Research | Castle Age |
| 12:18 | Build | Lumber Camp |
| 12:42 | Build | Mining Camp |
| 12:59 | Research | Double-Bit Axe |
| 13:23 | Create | Villager (Male) |
| 13:23 | Create | Villager (Male) |
| 13:24 | Create | Villager (Male) |
| 13:32 | Research | Horse Collar |
| 14:53 | Age | Castle Age |
| 15:10 | Build | Monastery |
| 15:26 | Build | Farm |
| 15:49 | Build | Farm |
| 16:06 | Build | University |
| 16:09 | Create | Monk |
| 16:14 | Build | Farm |
| 16:15 | Create | Villager (Male) |
| 16:15 | Create | Villager (Male) |
| 16:43 | Build | Farm |
| 16:48 | Build | Farm |
| 16:55 | Create | Villager (Male) |
| 17:14 | Build | Town Center |
| 17:20 | Build | Farm |
| 17:35 | Build | Farm |
| 17:37 | Create | Villager (Male) |
| 17:38 | Create | Villager (Male) |
| 18:20 | Build | Farm |
| 18:21 | Create | Villager (Male) |
| 18:23 | Create | Villager (Male) |
| 18:41 | Create | Villager (Male) |
| 18:46 | Build | Farm |
| 19:02 | Build | Farm |
| 19:11 | Create | Villager (Male) |
| 19:22 | Build | Farm |
| 19:39 | Create | Villager (Male) |
| 19:53 | Create | Villager (Male) |
| 19:53 | Create | Villager (Male) |
| 20:01 | Build | Farm |
| 20:08 | Create | Villager (Male) |
| 20:15 | Build | Farm |
| 20:41 | Build | Farm |
| 20:44 | Create | Villager (Male) |
| 20:46 | Create | Villager (Male) |
| 20:47 | Create | Villager (Male) |
| 21:03 | Create | Trade Cart |
| 21:03 | Create | Trade Cart |
| 21:04 | Create | Trade Cart |
| 21:04 | Create | Trade Cart |
| 21:05 | Create | Trade Cart |
| 21:06 | Create | Trade Cart |
| 21:07 | Create | Trade Cart |
| 21:07 | Create | Trade Cart |
| 21:15 | Build | Farm |
| 21:18 | Create | Villager (Male) |
| 21:18 | Create | Villager (Male) |
| 21:20 | Create | Villager (Male) |
| 21:49 | Create | Villager (Male) |
| 21:50 | Create | Villager (Male) |
| 21:55 | Build | Farm |
| 22:03 | Research | Gold Mining |
| 22:16 | Build | Farm |
| 22:18 | Create | Villager (Male) |
| 22:19 | Create | Villager (Male) |
| 22:28 | Create | Villager (Male) |
| 22:40 | Build | Farm |
| 22:44 | Build | Farm |
| 23:04 | Research | Stone Mining |
| 23:18 | Build | Town Center |
| 23:24 | Build | Farm |
| 23:28 | Create | Villager (Male) |
| 23:29 | Create | Villager (Male) |
| 23:31 | Create | Villager (Male) |
| 23:37 | Build | Farm |
| 23:44 | Create | Villager (Male) |
| 23:56 | Create | Villager (Male) |
| 23:57 | Create | Villager (Male) |
| 24:03 | Build | Farm |
| 24:23 | Build | Farm |
| 24:25 | Create | Villager (Male) |
| 24:26 | Create | Villager (Male) |
| 24:26 | Create | Villager (Male) |
| 24:27 | Create | Villager (Male) |
| 24:28 | Create | Villager (Male) |
| 24:59 | Research | Gold Shaft Mining |
| 25:03 | Research | Bow Saw |
| 25:13 | Create | Villager (Male) |
| 25:29 | Create | Villager (Male) |
| 25:29 | Create | Villager (Male) |
| 25:58 | Build | Farm |
| 26:03 | Build | Farm |
| 26:21 | Build | Farm |
| 26:30 | Build | Farm |
| 26:36 | Create | Villager (Male) |
| 26:37 | Create | Villager (Male) |
| 26:38 | Create | Villager (Male) |
| 26:47 | Create | Villager (Male) |
| 26:48 | Create | Villager (Male) |
| 26:48 | Create | Villager (Male) |
| 26:48 | Create | Villager (Male) |
| 26:49 | Create | Villager (Male) |
| 26:49 | Create | Villager (Male) |
| 27:06 | Build | Farm |
| 27:19 | Build | Farm |
| 27:30 | Research | Stone Shaft Mining |
| 27:35 | Research | Heavy Plow |
| 27:43 | Build | Farm |
| 27:48 | Create | Villager (Male) |
Build order — JonnyK
First 150 of 1065 actions detected
| 0:02 | Create | Villager (Male) |
| 0:02 | Create | Villager (Male) |
| 0:03 | Create | Villager (Male) |
| 0:03 | Create | Villager (Male) |
| 0:05 | Build | House |
| 0:21 | Build | Lumber Camp |
| 1:34 | Build | Mill |
| 1:38 | Create | Villager (Male) |
| 1:58 | Create | Villager (Male) |
| 2:25 | Create | Villager (Male) |
| 2:47 | Create | Villager (Male) |
| 3:07 | Create | Villager (Male) |
| 3:45 | Create | Villager (Male) |
| 4:05 | Create | Villager (Male) |
| 4:12 | Create | Villager (Male) |
| 4:19 | Build | House |
| 4:52 | Create | Villager (Male) |
| 5:00 | Build | Mill |
| 5:12 | Create | Villager (Male) |
| 5:51 | Create | Villager (Male) |
| 6:07 | Create | Villager (Male) |
| 6:19 | Create | Villager (Male) |
| 6:51 | Build | Mining Camp |
| 7:14 | Research | Feudal Age |
| 8:36 | Build | Farm |
| 8:43 | Build | Farm |
| 8:47 | Build | Farm |
| 8:51 | Build | Farm |
| 9:02 | Build | Farm |
| 9:11 | Build | Farm |
| 9:17 | Create | Villager (Male) |
| 9:18 | Create | Villager (Male) |
| 9:24 | Age | Feudal Age |
| 9:28 | Build | Farm |
| 9:32 | Build | Farm |
| 9:37 | Build | Farm |
| 9:44 | Build | Blacksmith |
| 10:03 | Build | Market |
| 10:12 | Create | Villager (Male) |
| 10:51 | Research | Castle Age |
| 11:04 | Create | Villager (Male) |
| 11:39 | Build | Mining Camp |
| 12:09 | Build | Market |
| 12:28 | Build | Farm |
| 12:39 | Build | Farm |
| 12:53 | Research | Double-Bit Axe |
| 13:31 | Age | Castle Age |
| 13:36 | Build | Town Center |
| 14:03 | Build | Town Center |
| 14:43 | Build | Town Center |
| 15:44 | Build | Town Center |
| 15:46 | Create | Villager (Male) |
| 15:47 | Create | Villager (Male) |
| 15:47 | Create | Villager (Male) |
| 16:07 | Create | Villager (Male) |
| 16:32 | Build | Farm |
| 16:32 | Build | Farm |
| 16:33 | Build | Farm |
| 16:33 | Build | Farm |
| 16:34 | Build | Farm |
| 16:35 | Build | Farm |
| 16:35 | Build | Farm |
| 16:35 | Build | Farm |
| 16:36 | Build | Farm |
| 16:36 | Build | Farm |
| 16:37 | Build | Farm |
| 16:38 | Build | Farm |
| 16:38 | Build | Farm |
| 16:38 | Build | Farm |
| 16:38 | Build | Farm |
| 16:52 | Build | Farm |
| 16:52 | Build | Farm |
| 16:53 | Build | Farm |
| 16:57 | Build | Farm |
| 16:57 | Build | Farm |
| 16:58 | Build | Farm |
| 16:58 | Build | Farm |
| 17:00 | Create | Villager (Male) |
| 17:00 | Create | Villager (Male) |
| 17:07 | Build | Farm |
| 17:18 | Create | Villager (Male) |
| 17:18 | Create | Villager (Male) |
| 17:29 | Create | Villager (Male) |
| 17:39 | Create | Villager (Male) |
| 17:48 | Create | Villager (Male) |
| 18:06 | Build | Mill |
| 18:08 | Build | Farm |
| 18:08 | Build | Farm |
| 18:08 | Build | Farm |
| 18:08 | Build | Farm |
| 18:09 | Build | Farm |
| 18:09 | Build | Farm |
| 18:11 | Build | Farm |
| 18:12 | Build | Farm |
| 18:21 | Create | Villager (Male) |
| 18:21 | Create | Villager (Male) |
| 18:35 | Create | Villager (Male) |
| 18:41 | Create | Villager (Male) |
| 18:45 | Build | Farm |
| 18:49 | Create | Villager (Male) |
| 18:52 | Create | Villager (Male) |
| 18:58 | Build | Farm |
| 19:06 | Build | Farm |
| 19:12 | Create | Villager (Male) |
| 19:12 | Create | Villager (Male) |
| 19:16 | Build | Farm |
| 19:17 | Create | Villager (Male) |
| 19:21 | Create | Villager (Male) |
| 19:34 | Build | Farm |
| 19:34 | Build | Farm |
| 19:34 | Build | Farm |
| 19:40 | Build | Farm |
| 19:41 | Build | Farm |
| 19:41 | Build | Farm |
| 19:41 | Build | Farm |
| 19:42 | Build | Farm |
| 19:43 | Build | Farm |
| 19:44 | Build | Farm |
| 19:45 | Build | Farm |
| 19:46 | Build | Farm |
| 19:46 | Build | Farm |
| 19:47 | Build | Farm |
| 19:50 | Create | Villager (Male) |
| 19:50 | Create | Villager (Male) |
| 19:50 | Create | Villager (Male) |
| 19:50 | Create | Villager (Male) |
| 20:00 | Create | Villager (Male) |
| 20:08 | Create | Villager (Male) |
| 20:16 | Create | Villager (Male) |
| 20:19 | Create | Villager (Male) |
| 20:26 | Create | Villager (Male) |
| 20:35 | Create | Villager (Male) |
| 20:40 | Build | House |
| 20:51 | Build | Mill |
| 20:53 | Build | Farm |
| 20:53 | Build | Farm |
| 20:53 | Build | Farm |
| 20:54 | Build | Farm |
| 20:54 | Build | Farm |
| 20:54 | Build | Farm |
| 21:03 | Build | Farm |
| 21:07 | Build | Farm |
| 21:12 | Build | House |
| 21:14 | Build | House |
| 21:18 | Build | House |
| 21:19 | Create | Villager (Male) |
| 21:20 | Create | Villager (Male) |
| 21:20 | Create | Villager (Male) |
| 21:20 | Create | Villager (Male) |
| 21:21 | Create | Villager (Male) |
Build order — arthur_graf
First 150 of 716 actions detected
| 0:11 | Create | Villager (Male) |
| 0:11 | Create | Villager (Male) |
| 0:11 | Create | Villager (Male) |
| 0:12 | Create | Villager (Male) |
| 0:12 | Create | Villager (Male) |
| 0:12 | Create | Villager (Male) |
| 0:44 | Build | Lumber Camp |
| 1:03 | Create | Villager (Male) |
| 1:54 | Create | Villager (Male) |
| 2:17 | Build | House |
| 2:53 | Build | House |
| 2:56 | Create | Villager (Male) |
| 3:28 | Build | Mill |
| 3:41 | Create | Villager (Male) |
| 3:42 | Create | Villager (Male) |
| 3:42 | Create | Villager (Male) |
| 4:12 | Create | Villager (Male) |
| 5:02 | Build | House |
| 5:05 | Create | Villager (Male) |
| 5:05 | Create | Villager (Male) |
| 5:56 | Build | Mill |
| 6:35 | Research | Feudal Age |
| 6:36 | Research | Loom |
| 7:09 | Create | Villager (Male) |
| 8:28 | Create | Villager (Male) |
| 8:29 | Create | Villager (Male) |
| 8:39 | Age | Feudal Age |
| 8:49 | Build | Farm |
| 8:49 | Build | Farm |
| 8:49 | Build | Farm |
| 8:50 | Build | Farm |
| 8:50 | Build | Farm |
| 8:50 | Build | Farm |
| 9:01 | Research | Horse Collar |
| 9:04 | Research | Double-Bit Axe |
| 9:15 | Create | Villager (Male) |
| 9:46 | Build | Market |
| 9:56 | Build | Blacksmith |
| 9:58 | Create | Villager (Male) |
| 10:22 | Build | Farm |
| 10:33 | Build | Farm |
| 10:37 | Build | Farm |
| 10:47 | Create | Villager (Male) |
| 11:03 | Create | Villager (Male) |
| 11:08 | Build | Farm |
| 11:16 | Build | House |
| 11:29 | Build | Farm |
| 11:37 | Create | Villager (Male) |
| 11:46 | Build | Mining Camp |
| 11:56 | Create | Villager (Male) |
| 12:08 | Build | House |
| 12:16 | Create | Villager (Male) |
| 12:18 | Create | Villager (Male) |
| 12:19 | Create | Villager (Male) |
| 12:25 | Build | Farm |
| 12:48 | Build | Farm |
| 12:55 | Create | Villager (Male) |
| 12:55 | Create | Villager (Male) |
| 13:08 | Build | House |
| 13:26 | Create | Villager (Male) |
| 13:37 | Research | Castle Age |
| 13:51 | Build | House |
| 13:52 | Build | House |
| 13:54 | Build | House |
| 13:55 | Build | House |
| 13:56 | Build | House |
| 14:01 | Build | House |
| 14:04 | Create | Villager (Male) |
| 14:04 | Create | Villager (Male) |
| 14:04 | Create | Villager (Male) |
| 14:14 | Research | Wheelbarrow |
| 14:39 | Build | Farm |
| 14:50 | Build | House |
| 14:52 | Build | House |
| 14:53 | Build | House |
| 14:54 | Build | House |
| 14:56 | Build | House |
| 14:59 | Build | House |
| 15:05 | Create | Trade Cart |
| 15:45 | Create | Villager (Male) |
| 15:45 | Create | Villager (Male) |
| 16:02 | Create | Trade Cart |
| 16:14 | Age | Castle Age |
| 16:25 | Create | Trade Cart |
| 16:31 | Create | Villager (Male) |
| 16:37 | Research | Bow Saw |
| 16:38 | Research | Heavy Plow |
| 17:02 | Create | Trade Cart |
| 17:28 | Build | Market |
| 17:31 | Build | Market |
| 17:54 | Build | Lumber Camp |
| 18:01 | Create | Villager (Male) |
| 18:38 | Research | Hand Cart |
| 18:46 | Create | Villager (Male) |
| 18:46 | Create | Villager (Male) |
| 18:48 | Create | Villager (Male) |
| 19:01 | Build | Town Center |
| 19:19 | Create | Villager (Male) |
| 19:29 | Build | Town Center |
| 19:44 | Create | Villager (Male) |
| 19:44 | Create | Villager (Male) |
| 19:56 | Research | Caravan |
| 19:58 | Create | Trade Cart |
| 20:08 | Research | Coinage |
| 20:13 | Create | Trade Cart |
| 20:29 | Create | Villager (Male) |
| 20:44 | Build | House |
| 20:45 | Build | House |
| 20:47 | Build | House |
| 20:48 | Build | House |
| 20:52 | Create | Trade Cart |
| 20:53 | Create | Trade Cart |
| 20:58 | Build | House |
| 21:04 | Build | House |
| 21:05 | Build | House |
| 21:07 | Build | House |
| 21:12 | Create | Villager (Male) |
| 21:12 | Create | Villager (Male) |
| 21:12 | Create | Villager (Male) |
| 21:13 | Create | Villager (Male) |
| 21:14 | Create | Villager (Male) |
| 21:14 | Create | Villager (Male) |
| 21:14 | Create | Villager (Male) |
| 21:15 | Create | Villager (Male) |
| 21:15 | Create | Villager (Male) |
| 21:16 | Create | Villager (Male) |
| 21:17 | Create | Villager (Male) |
| 21:17 | Create | Villager (Male) |
| 21:17 | Create | Villager (Male) |
| 21:17 | Create | Villager (Male) |
| 21:34 | Build | House |
| 21:35 | Build | House |
| 21:36 | Build | House |
| 21:38 | Build | House |
| 21:39 | Build | House |
| 21:40 | Build | House |
| 21:47 | Create | Trade Cart |
| 21:50 | Create | Trade Cart |
| 21:50 | Create | Trade Cart |
| 22:01 | Create | Villager (Male) ×5 |
| 22:01 | Create | Villager (Male) ×5 |
| 22:02 | Create | Villager (Male) |
| 22:02 | Create | Villager (Male) |
| 22:39 | Build | Farm |
| 22:39 | Build | Farm |
| 22:39 | Build | Farm |
| 22:39 | Build | Farm |
| 22:39 | Build | Farm |
| 22:40 | Build | Farm |
| 22:42 | Build | Farm |
Build order — SuKi
First 150 of 2157 actions detected
| 0:15 | Create | Villager (Male) |
| 0:16 | Create | Villager (Male) |
| 0:16 | Create | Villager (Male) |
| 0:16 | Create | Villager (Male) |
| 0:50 | Build | Lumber Camp |
| 1:08 | Build | House |
| 1:13 | Build | House |
| 2:06 | Build | Mill |
| 2:46 | Create | Villager (Male) |
| 2:46 | Create | Villager (Male) |
| 2:46 | Create | Villager (Male) |
| 2:47 | Create | Villager (Male) |
| 2:47 | Create | Villager (Male) |
| 2:47 | Create | Villager (Male) |
| 4:40 | Create | Villager (Male) |
| 4:41 | Create | Villager (Male) |
| 4:41 | Create | Villager (Male) |
| 4:41 | Create | Villager (Male) |
| 4:41 | Create | Villager (Male) |
| 4:42 | Create | Villager (Male) |
| 4:55 | Build | Mill |
| 6:01 | Build | House |
| 6:02 | Build | House |
| 6:04 | Build | House |
| 6:05 | Build | House |
| 6:11 | Build | Palisade Wall |
| 6:56 | Build | Mining Camp |
| 7:40 | Research | Feudal Age |
| 8:47 | Build | House |
| 8:48 | Build | House |
| 8:49 | Build | House |
| 9:31 | Build | Mining Camp |
| 9:56 | Age | Feudal Age |
| 10:02 | Research | Horse Collar |
| 10:15 | Build | Farm |
| 10:34 | Build | Farm |
| 11:18 | Build | Blacksmith |
| 11:23 | Build | Market |
| 12:00 | Research | Double-Bit Axe |
| 12:02 | Research | Gold Mining |
| 12:32 | Research | Castle Age |
| 13:27 | Build | Stone Wall |
| 13:40 | Build | Palisade Wall |
| 14:07 | Build | Lumber Camp |
| 14:22 | Research | Stone Mining |
| 15:12 | Age | Castle Age |
| 15:18 | Research | Bow Saw |
| 15:28 | Research | Heavy Plow |
| 15:53 | Build | Farm |
| 15:54 | Build | Farm |
| 16:01 | Build | Farm |
| 16:08 | Build | Farm |
| 16:16 | Build | Farm |
| 16:22 | Build | Farm |
| 16:38 | Create | Villager (Male) |
| 17:21 | Create | Villager (Male) |
| 17:21 | Create | Villager (Male) |
| 17:33 | Build | Farm |
| 17:37 | Build | Farm |
| 18:07 | Build | Town Center |
| 18:19 | Create | Villager (Male) |
| 18:20 | Create | Villager (Male) |
| 18:22 | Create | Villager (Male) |
| 19:17 | Build | Market |
| 19:46 | Build | Market |
| 20:00 | Create | Villager (Male) |
| 20:00 | Create | Villager (Male) |
| 20:01 | Create | Villager (Male) |
| 20:01 | Create | Villager (Male) |
| 20:01 | Create | Villager (Male) |
| 20:17 | Create | Villager (Male) |
| 20:17 | Create | Villager (Male) |
| 20:35 | Create | Villager (Male) |
| 20:36 | Create | Villager (Male) |
| 21:05 | Create | Trade Cart |
| 21:07 | Create | Trade Cart |
| 21:12 | Create | Trade Cart |
| 21:20 | Research | Scale Mail Armor |
| 21:48 | Build | Lumber Camp |
| 21:50 | Create | Villager (Male) |
| 21:51 | Create | Villager (Male) |
| 22:06 | Create | Villager (Male) |
| 22:07 | Create | Villager (Male) |
| 22:07 | Create | Villager (Male) |
| 22:07 | Create | Villager (Male) |
| 22:08 | Create | Villager (Male) |
| 22:12 | Create | Villager (Male) |
| 22:12 | Create | Villager (Male) |
| 22:22 | Build | Lumber Camp |
| 22:27 | Create | Trade Cart |
| 22:27 | Create | Trade Cart |
| 22:27 | Create | Trade Cart |
| 22:37 | Create | Trade Cart |
| 22:38 | Create | Trade Cart |
| 22:54 | Build | Stone Wall |
| 23:03 | Build | Stone Wall |
| 23:13 | Create | Villager (Male) |
| 23:13 | Create | Villager (Male) |
| 23:14 | Create | Villager (Male) |
| 23:14 | Create | Villager (Male) |
| 23:28 | Build | Farm |
| 23:31 | Build | Farm |
| 23:32 | Build | Farm |
| 23:34 | Build | Farm |
| 23:50 | Create | Villager (Male) |
| 23:50 | Create | Villager (Male) |
| 23:50 | Create | Villager (Male) |
| 24:02 | Create | Trade Cart |
| 24:02 | Create | Trade Cart |
| 24:04 | Create | Trade Cart |
| 24:05 | Create | Trade Cart |
| 24:19 | Research | Caravan |
| 24:37 | Research | Gold Shaft Mining |
| 25:08 | Build | Town Center |
| 25:11 | Create | Villager (Male) |
| 25:12 | Create | Villager (Male) |
| 25:12 | Create | Villager (Male) |
| 25:12 | Create | Villager (Male) |
| 25:24 | Create | Trade Cart |
| 25:24 | Create | Trade Cart |
| 26:00 | Build | House |
| 26:02 | Build | House |
| 26:03 | Build | House |
| 26:05 | Build | House |
| 26:07 | Build | House |
| 26:08 | Build | House |
| 26:10 | Build | House |
| 26:43 | Create | Villager (Male) |
| 26:43 | Create | Villager (Male) |
| 26:43 | Create | Villager (Male) |
| 27:04 | Build | Barracks |
| 27:06 | Build | Barracks |
| 27:08 | Build | Barracks |
| 27:21 | Build | Barracks |
| 27:48 | Build | Farm |
| 27:55 | Build | Farm |
| 28:00 | Build | Farm |
| 28:05 | Build | Farm |
| 28:07 | Create | Villager (Male) |
| 28:07 | Create | Villager (Male) |
| 28:08 | Create | Villager (Male) |
| 28:08 | Create | Villager (Male) |
| 28:08 | Create | Villager (Male) |
| 28:13 | Build | Farm |
| 28:18 | Build | Farm |
| 28:22 | Build | Farm |
| 28:49 | Create | Trade Cart |
| 28:49 | Create | Trade Cart |
| 28:58 | Research | Chain Mail Armor |
| 29:09 | Build | Farm |
Match timeline
| 6:11 | SuKi · wall_segment Palisade Wall x1 |
| 8:39 | arthur_graf · age_up feudal |
| 9:24 | JonnyK · age_up feudal |
| 9:56 | SuKi · age_up feudal |
| 10:33 | Mr.420 · age_up feudal |
| 11:56 | Mr.420 · first_market_sell 100 food |
| 12:22 | SuKi · first_market_buy 100 food |
| 12:29 | SuKi · first_market_sell 100 wood |
| 13:14 | JonnyK · first_market_buy 100 wood |
| 13:27 | SuKi · wall_segment Stone Wall x40 |
| 13:31 | JonnyK · age_up castle |
| 13:32 | arthur_graf · first_market_sell 100 wood |
| 13:40 | SuKi · wall_segment Palisade Wall x16 |
| 13:49 | JonnyK · first_market_sell 100 food |
| 14:35 | Beerhunter · age_up feudal |
| 14:53 | Mr.420 · age_up castle |
| 15:00 | bon_wtf030793 · age_up feudal |
| 15:10 | Mr.420 · first_building Monastery |
| 15:12 | SuKi · age_up castle |
| 16:14 | arthur_graf · age_up castle |
| 18:01 | Beerhunter · wall_segment Stone Wall x50 |
| 22:54 | SuKi · wall_segment Stone Wall x7 |
| 23:03 | SuKi · wall_segment Stone Wall x2 |
| 23:22 | arthur_graf · first_market_buy 100 stone |
| 23:25 | bon_wtf030793 · age_up castle |
| 25:21 | JonnyK · first_building Monastery |
| 27:04 | SuKi · first_building Barracks |
| 29:06 | Beerhunter · wall_segment Stone Wall x15 |
| 29:13 | Beerhunter · wall_segment Stone Wall x17 |
| 29:23 | Beerhunter · wall_segment Stone Wall x23 |
| 29:31 | Beerhunter · wall_segment Stone Wall x69 |
| 29:42 | Beerhunter · wall_segment Stone Wall x30 |
| 29:45 | SuKi · first_building Castle |
| 29:48 | JonnyK · wall_segment Stone Wall x34 |
| 29:49 | Beerhunter · wall_segment Stone Wall x29 |
| 30:12 | SuKi · first_building Monastery |
| 31:47 | Beerhunter · age_up castle |
| 31:49 | JonnyK · age_up imperial |
| 32:33 | Beerhunter · first_building Monastery |
| 32:34 | JonnyK · wall_segment Stone Wall x5 |
| 33:50 | bon_wtf030793 · wall_segment Stone Wall x30 |
| 34:02 | bon_wtf030793 · wall_segment Stone Wall x38 |
| 34:20 | bon_wtf030793 · wall_segment Stone Wall x33 |
| 34:28 | bon_wtf030793 · wall_segment Stone Wall x14 |
| 34:48 | Mr.420 · first_building Castle |
| 35:01 | arthur_graf · first_building Castle |
| 35:07 | JonnyK · first_building Castle |
| 35:08 | SuKi · age_up imperial |
| 35:26 | bon_wtf030793 · first_building Monastery |
| 35:48 | Mr.420 · age_up imperial |
| 36:17 | JonnyK · wall_segment Stone Wall x52 |
| 36:20 | JonnyK · wall_segment Stone Wall x38 |
| 37:13 | JonnyK · wall_segment Stone Wall x29 |
| 37:20 | JonnyK · wall_segment Stone Wall x7 |
| 37:26 | JonnyK · wall_segment Stone Wall x23 |
| 37:38 | Beerhunter · first_building Castle |
| 37:52 | JonnyK · wall_segment Stone Wall x28 |
| 37:57 | JonnyK · wall_segment Stone Wall x32 |
| 38:05 | JonnyK · wall_segment Stone Wall x10 |
| 38:10 | JonnyK · wall_segment Stone Wall x7 |
| 39:23 | JonnyK · first_building Barracks |
| 39:47 | arthur_graf · age_up imperial |
| 40:35 | arthur_graf · tribute_sent a jugador 1 |
| 40:35 | arthur_graf · tribute_sent a jugador 2 |
| 40:35 | arthur_graf · tribute_sent a jugador 3 |
| 40:35 | arthur_graf · tribute_sent a jugador 5 |
| 40:35 | arthur_graf · tribute_sent a jugador 6 |
| 41:40 | SuKi · first_building Stable |
| 41:41 | Mr.420 · first_building Barracks |
| 41:48 | bon_wtf030793 · age_up imperial |
| 41:49 | SuKi · first_building Siege Workshop |
| 42:02 | SuKi · first_building Archery Range |
| 42:15 | JonnyK · first_building Stable |
| 42:43 | Beerhunter · age_up imperial |
| 43:03 | JonnyK · wall_segment Stone Wall x15 |
| 43:14 | bon_wtf030793 · first_building Barracks |
| 43:24 | JonnyK · wall_segment Stone Wall x6 |
| 43:29 | JonnyK · wall_segment Stone Wall x10 |
| 43:38 | JonnyK · wall_segment Stone Wall x20 |
| 43:41 | Mr.420 · first_building Archery Range |
| 43:42 | JonnyK · wall_segment Stone Wall x18 |
| 43:57 | Mr.420 · first_building Siege Workshop |
| 44:19 | bon_wtf030793 · first_building Stable |
| 45:01 | bon_wtf030793 · first_building Castle |
| 46:00 | bon_wtf030793 · first_building Siege Workshop |
| 47:01 | JonnyK · first_building Siege Workshop |
| 47:16 | Mr.420 · wall_segment Stone Wall x17 |
| 47:19 | Mr.420 · wall_segment Stone Wall x23 |
| 47:21 | Mr.420 · wall_segment Stone Wall x1 |
| 47:28 | SuKi · wall_segment Stone Wall x40 |
| 47:49 | Beerhunter · first_market_buy 100 stone |
| 48:27 | Beerhunter · first_building Barracks |
| 49:03 | JonnyK · first_building Archery Range |
| 50:02 | Mr.420 · first_market_buy 500 stone |
| 50:25 | SuKi · wall_segment Stone Wall x14 |
| 50:31 | SuKi · wall_segment Stone Wall x2 |
| 51:01 | JonnyK · wall_segment Stone Wall x1 |
| 51:02 | JonnyK · wall_segment Stone Wall x1 |
| 54:17 | arthur_graf · first_building Barracks |
| 54:24 | arthur_graf · first_building Siege Workshop |
| 54:35 | Beerhunter · first_building Stable |
| 55:12 | Mr.420 · first_building Stable |
| 55:27 | arthur_graf · first_building Archery Range |
| 55:35 | arthur_graf · first_building Stable |
| 57:16 | Mr.420 · wall_segment Stone Wall x64 |
| 58:10 | bon_wtf030793 · first_building Archery Range |
| 59:59 | SuKi · wall_segment Stone Wall x48 |
| 61:47 | SuKi · wall_segment Stone Wall x9 |
| 62:19 | bon_wtf030793 · first_market_buy 100 stone |
| 62:38 | JonnyK · wall_segment Stone Wall x7 |
| 62:47 | JonnyK · wall_segment Stone Wall x3 |
| 62:55 | JonnyK · wall_segment Stone Wall x19 |
| 62:59 | JonnyK · wall_segment Stone Wall x8 |
| 63:01 | JonnyK · wall_segment Stone Wall x4 |
| 63:04 | JonnyK · wall_segment Stone Wall x1 |
| 63:05 | JonnyK · wall_segment Stone Wall x1 |
| 63:13 | JonnyK · wall_segment Stone Wall x6 |
| 63:16 | JonnyK · wall_segment Stone Wall x30 |
| 63:31 | Mr.420 · wall_segment Stone Wall x149 |
| 63:44 | Mr.420 · wall_segment Stone Wall x29 |
| 65:53 | Beerhunter · first_market_sell 500 wood |
| 70:02 | JonnyK · tribute_sent a jugador 1 |
| 70:02 | JonnyK · tribute_sent a jugador 2 |
| 70:02 | JonnyK · tribute_sent a jugador 4 |
| 70:02 | JonnyK · tribute_sent a jugador 5 |
| 70:02 | JonnyK · tribute_sent a jugador 6 |
| 73:56 | arthur_graf · wall_segment Stone Wall x4 |
| 80:27 | bon_wtf030793 · tribute_sent a jugador 1 |
| 80:27 | bon_wtf030793 · tribute_sent a jugador 2 |
| 80:27 | bon_wtf030793 · tribute_sent a jugador 3 |
| 80:27 | bon_wtf030793 · tribute_sent a jugador 4 |
| 80:27 | bon_wtf030793 · tribute_sent a jugador 5 |
| 85:00 | Beerhunter · first_building Archery Range |
| 99:49 | JonnyK · wall_segment Stone Wall x6 |
| 101:47 | SuKi · resign |
[ AI ANALYSIS · 1 CREDIT ]
What really happened in this match?
Wolo.gg analyzes every decision: build order, eco, micro, common mistakes by bracket. Personalized analysis on WhatsApp or Discord in 30 seconds.
Civ guide
Teutons
Perfil
Jugador #11767166